 Dungeon Crawl Stone Soup version 0.16-a0-3465-g53c7d0b (webtiles) character file.

72471 Inkie the Gelid (level 15, -2/99 HPs)
             Began as a White Draconian Wizard on Jan 1, 2015.
             Was the Champion of Vehumet.
             Killed from afar by a guardian serpent (31 damage)
             ... with a bolt of poison
             ... on level 8 of the Lair of Beasts on Jan 2, 2015.
             The game lasted 04:04:25 (39628 turns).

Inkie the Gelid (White Draconian Wizard)           Turns: 39628, Time: 04:04:25

Health: -2/99      AC: 13    Str: 10    XL:     15   Next: 1%
Magic:  4/35       EV: 12    Int: 24    God:    Vehumet [******]
Gold:   1703       SH:  0    Dex: 10    Spells: 10 memorised, 9 levels left

rFire  . . .     SeeInvis +     h - +2 whip (elec)
rCold  + . .     Clarity  .     (armour unavailable)
rNeg   . . .     SustAb   .     (no shield)
rPois  .         Gourm    +     a - +0 hat
rElec  .         Spirit   .     H - +0 cloak
rCorr  .         Warding  .     Y - +0 pair of gloves
rMut   .         Stasis   .     Q - +0 pair of boots
MR     +....                    T - amulet of the gourmand
Stlth  ++........               r - +1 ring of protection
                                e - ring of see invisible

@: lethally poisoned, about to teleport, very slightly contaminated, hasted
(expiring), very quick, somewhat resistant to hostile enchantments, unstealthy
A: breathe frost, unfitting armour, horns 1, cold resistance 1, cold-blooded, AC
+9
a: Breathe Frost, Renounce Religion


You were on level 8 of the Lair of Beasts.
You worshipped Vehumet.
Vehumet was exalted by your worship.
You were very full.

You visited 3 branches of the dungeon, and saw 21 of its levels.
You also visited: Ossuary.

You collected 1703 gold pieces.

Inventory:

Hand weapons
 h - a +2 whip of electrocution (weapon)
Missiles
 l - 489 stones (quivered)
Armour
 a - a +0 hat (worn)
 d - a +2 shield
 H - a +0 cloak (worn)
 Q - a +0 pair of boots (worn)
 Y - a +0 pair of gloves (worn)
Jewellery
 c - an uncursed ring of fire
 e - a ring of see invisible (left hand)
 r - a +1 ring of protection (right hand)
 T - an amulet of the gourmand (around neck)
Magical devices
 b - a wand of fireball (4)
 j - a wand of flame (23)
 k - a wand of fire (7)
 n - a wand of slowing (8)
 s - a wand of draining (0)
 t - a wand of frost (10)
 A - a wand of disintegration (6)
 B - a wand of disintegration (20)
 U - a wand of digging (2)
Scrolls
 f - 7 scrolls of teleportation
 g - 10 scrolls of identify
 i - 12 scrolls of remove curse
 o - a scroll of amnesia
 v - a scroll of recharging
 x - a scroll of enchant weapon
 z - a scroll of fog
Potions
 p - 5 potions of curing
 q - 2 potions of resistance
 u - 4 potions of restore abilities
 w - 2 potions of flight
 C - a potion of magic
 F - a potion of agility
 Z - a potion of haste
Books
 y - a book of Conjurations

   Spells                             Type                      Level
   a - Magic Dart                     Conjuration                  1
   b - Searing Ray                    Conjuration                  2
   c - Dazzling Spray                 Conjuration/Hexes            3
   d - Fulminant Prism                Conjuration/Hexes            4
   e - Iskenderun's Mystic Blast      Conjuration                  4
   f - Iskenderun's Battlesphere      Conjuration/Charms           5
Comestibles
 m - 7 meat rations


   Skills:
 - Level 1.7 Dodging
 - Level 1.7 Stealth
 - Level 13.0 Spellcasting
 - Level 16.0 Conjurations
   Level 1.5 Summonings
 - Level 1.0 Translocations
 + Level 17.7 Ice Magic
 - Level 0.2 Evocations


You had 9 spell levels left.
You knew the following spells:

 Your Spells              Type           Power        Failure   Level  Hunger
a - Magic Dart            Conj           ####         0%          1    None
b - Blink                 Tloc           N/A          4%          2    None
c - Conjure Flame         Conj/Fire      ######..     1%          3    None
d - Mephitic Cloud        Conj/Pois/Air  #####...     1%          3    None
e - Ensorcelled Hibernat  Hex/Ice        ######       1%          2    None
f - Iskenderun's Mystic   Conj           #######.     1%          4    None
g - Orb of Destruction    Conj           #######...   1%          7    ######.
h - Iskenderun's Battles  Conj/Chrm      ######..     1%          5    ###....
r - Repel Missiles        Chrm/Air       ###...       8%          2    None
x - Searing Ray           Conj           ######       0%          2    None


Dungeon Overview and Level Annotations

Branches:
Dungeon (12/15)            Temple (1/1) D:5            Lair (8/8) D:10
  Swamp (0/5) Lair:5        Snake (0/5) Lair:6        Slime (0/6) Lair:6
    Orc (0/4) D:11

Altars:
Ashenzari
Cheibriados
Dithmenos
Elyvilon
Fedhas
Gozag
Kikubaaqudgha
Makhleb
Nemelex Xobeh
Okawaru
Qazlal
Ru
Sif Muna
Trog
Vehumet
Xom
Yredelemnul
Zin
The Shining One

Shops:
D:5 (   D:8 %   D:10 *

Annotations:
D:5 Grinder
D:10 Gastronok


Innate Abilities, Weirdness & Mutations

You can breathe waves of freezing cold.
You can buffet flying creatures when you breathe cold.
Your icy white scales are hard (AC +9).
Your body does not fit into most forms of armour.
Your flesh is cold resistant.
Your cold-blooded metabolism reacts poorly to cold.
You have a pair of small horns on your head.


Message History

Something hits the plant!
The plant is destroyed!
Read which item? (? for menu, Esc to quit)
Okay, then.
A wyvern comes into view.
Found a leather armour.
Read which item? (? for menu, Esc to quit)
As you read the scroll of teleportation, it crumbles to dust.
You feel strangely unstable.
The guardian serpent casts a spell at you.
The bolt of poison misses you.
Drink which item? (? for menu, Esc to quit)
You feel better.
The blink frog blinks!
Drink which item? (? for menu, Esc to quit)
You feel better.
Your extra speed is starting to run out.
The guardian serpent casts a spell at you.
The bolt of poison hits you!
You are poisoned.
You die...

#### ##≈PP≈.≈..≈..≈.P..#*****,*
##..####.............P...#,,**,*,
.....P##.................#,,,,,,,
Y...P......................,,,,,,
.Y.......P........P........,,,,,,
YP..t...#.PP....P..P"......,,,,,,
.a..Y.P..#....#.PS.P..§.P.§**,,,*
Y.P.##...#....##..P...##.S.***,,,
.P...#..P...P.#.@......#,,,,***,,
#....##......##....##.......,,,,,
##....#......#....###...........,
.##...##..Y.##...##..P..PPPP.....
..##...#....#..D##,..P....PP*..#.
...##..**,,##..#*,,.......P##....
..S.##,,*,,*[.#*,,,,..P.......P..
#....#*,****.#*,,,,,###..........
###...#,,*****,,,,###.P..........


You could see a guardian serpent and a wyvern.

Vanquished Creatures
  An azure jelly (Lair:6)
  Maud (Lair:6)
  Josephine (D:11)
  7 hydras
  Erica (Lair:4)
  7 death yaks
  The ghost of UristMcMason the Zephyrmancer, an experienced TeAE of Vehumet (D:10)
  An unseen horror (D:11)
  A lindwurm (Lair:6)
  3 hill giants
  A necromancer (Lair:3)
  A wolf spider (Lair:8)
  A red wasp (Lair:8)
  7 oklob plants
  3 ugly things
  3 griffons
  14 elephants
  Joseph (D:11)
  2 torpor snails
  9 black mambas
  A gargoyle (D:10)
  7 spiny frogs
  A queen ant (Lair:7)
  6 fire drakes
  9 komodo dragons
  The ghost of Kemay the Insei, an experienced OpTm of Sif Muna (Ossuary)
  A polar bear (Lair:6)
  4 trolls
  2 boulder beetles
  Prince Ribbit (Lair:2)
  36 blink frogs
  6 wyverns
  A basilisk (Lair:3)
  3 deep elf magi
  54 yaks
  9 hippogriffs
  A warg (shapeshifter) (D:9)
  11 soldier ants (Lair:7)
  21 water moccasins
  7 wolves
  12 porcupines
  2 eyes of draining
  4 ice beasts
  3 sky beasts
  2 black bears
  3 spiders (Lair:8)
  3 phantoms
  2 yellow wasps (Lair:8)
  2 necrophages (D:12)
  5 ogres
  8 orc warriors
  5 boring beetles
  6 centaurs
  12 crocodiles
  A big kobold (D:12)
  18 giant frogs
  A gnoll sergeant (D:11)
  A wyvern skeleton (D:12)
  5 wights
  6 scorpions
  An electric eel (Lair:5)
  2 goliath beetles
  6 crimson imps
  3 jellies
  A quasit (D:10)
  A giant frog zombie (D:12)
  A gnoll shaman (D:5)
  2 centaur zombies
  7 orc priests
  Crazy Yiuf (D:6)
  4 centaur skeletons (D:11)
  3 giant frog skeletons
  11 hounds
  12 iguanas
  4 hell rats (Lair:6)
  2 polar bear simulacra (Lair:3)
  14 orc wizards
  22 sheep
  3 wolf simulacra (Lair:3)
  51 worker ants
  4 yak simulacra (Lair:3)
  Ijyb (D:6)
  A giant frog simulacrum (D:11)
  37 adders
  3 worker ant zombies
  16 gnolls
  59 river rats
  2 giant mites (D:4)
  6 worms
  2 shadow imps (D:5)
  6 adder zombies (Ossuary)
  3 adder skeletons
  7 giant geckos
  42 orcs
  3 ball pythons
  A bat skeleton (D:5)
  4 giant cockroaches
  15 goblins
  23 hobgoblins
  6 jackals
  19 quokkas
  18 bats
  A giant gecko zombie (D:6)
  6 giant newts
  A giant spore (D:10)
  4 gnoll zombies
  3 goblin zombies (Ossuary)
  2 hobgoblin zombies (Ossuary)
  A jackal skeleton (D:7)
  A jackal zombie (D:5)
  20 kobolds
  A quokka skeleton (D:6)
  2 quokka zombies
  17 rats
  4 rat zombies (Ossuary)
  2 river rat simulacra (Lair:3)
  A ballistomycete (D:10)
  A butterfly (Lair:4)
  A fungus (Lair:4)
  3 plants
849 creatures vanquished.

Vanquished Creatures (collateral kills)
  3 mummies (Ossuary)
3 creatures vanquished.

Vanquished Creatures (others)
  An elephant (Lair:7)
  2 crimson imps (Ossuary)
  An iron imp (Ossuary)
  A white imp (Ossuary)
  A rat zombie (Ossuary)
  35 fungi
  39 plants
80 creatures vanquished.

Grand Total: 932 creatures vanquished

Notes
Turn   | Place    | Note
--------------------------------------------------------------
     0 | D:1      | Inkie, the Draconian Wizard, began the quest for the Orb.
     0 | D:1      | Reached XP level 1. HP: 14/14 MP: 4/4
   321 | D:1      | Reached XP level 2. HP: 20/20 MP: 0/6
  1547 | D:2      | Reached XP level 3. HP: 14/26 MP: 0/7
  1548 | D:2      | Gained mutation: Your mind is acute. (Int +2) [potion of mutation]
  1548 | D:2      | Gained mutation: Your spells are a little easier to cast, but a little less powerful. [potion of mutation]
  1757 | D:1      | Learned a level 2 spell: Blink
  1761 | D:1      | Learned a level 3 spell: Conjure Flame
  1764 | D:1      | Learned a level 2 spell: Repel Missiles
  2134 | D:2      | Reached XP level 4. HP: 33/33 MP: 5/9
  2172 | D:2      | Reached skill level 4 in Conjurations
  2809 | D:3      | Found an iron altar of Okawaru.
  3615 | D:3      | Reached skill level 5 in Conjurations
  3615 | D:3      | Reached XP level 5. HP: 38/38 MP: 6/11
  4009 | D:4      | Found a deep blue altar of Sif Muna.
  4343 | D:4      | Reached skill level 6 in Conjurations
  4343 | D:4      | Reached XP level 6. HP: 45/45 MP: 6/12
  4788 | D:4      | Found a deep blue altar of Sif Muna.
  5242 | D:5      | Entered Level 5 of the Dungeon
  5377 | D:5      | Learned a level 3 spell: Mephitic Cloud
  5482 | D:5      | Found Nuig Crech's Weapon Shop.
  5638 | D:5      | Found a staircase to the Ecumenical Temple.
  5670 | Temple   | Entered the Ecumenical Temple
  6002 | D:5      | You fall through a shaft!
  6023 | D:6      | Found a burning altar of Makhleb.
  6047 | D:7      | Reached skill level 7 in Conjurations
  6053 | D:7      | Your scales start taking on an icy white colour.
  6053 | D:7      | Gained mutation: Your flesh is cold resistant. [draconian maturity]
  6053 | D:7      | Reached XP level 7. HP: 23/50 MP: 1/14
  6193 | D:6      | Found a radiant altar of Vehumet.
  6193 | D:6      | Found a sacrificial altar of Ru.
  6193 | D:6      | Found a white marble altar of Elyvilon.
  6193 | D:6      | Found an ancient bone altar of Kikubaaqudgha.
  6197 | D:6      | Became a worshipper of Vehumet
  6256 | D:6      | HP: 2/50 [poisoned by a worker ant]
  6259 | D:6      | Reached skill level 8 in Conjurations
  6735 | D:5      | Reached skill level 9 in Conjurations
  6947 | D:5      | Reached XP level 8. HP: 57/57 MP: 2/17
  7167 | D:5      | Acquired Vehumet's first power
  7167 | D:5      | Offered knowledge of Flame Tongue by Vehumet.
  7378 | D:5      | Found a snail-covered altar of Cheibriados.
  7456 | D:5      | Reached skill level 5 in Spellcasting
  7547 | D:6      | Noticed Grinder
  8393 | D:6      | Paralysed by Grinder for 5 turns
  8657 | D:5      | Offered knowledge of Searing Ray by Vehumet.
  8700 | D:5      | Learned a level 2 spell: Searing Ray
  9153 | D:6      | Noticed Ijyb
  9160 | D:6      | Killed Ijyb
  9213 | D:6      | Noticed Crazy Yiuf
  9234 | D:6      | Killed Crazy Yiuf
  9479 | D:6      | Found a shattered altar of Ashenzari.
  9482 | D:6      | Found a blossoming altar of Fedhas.
  9485 | D:6      | Found a glowing golden altar of the Shining One.
  9578 | D:7      | Reached XP level 9. HP: 38/62 MP: 13/23
  9833 | D:7      | Reached skill level 10 in Conjurations
 10283 | D:7      | Offered knowledge of Stone Arrow by Vehumet.
 11021 | D:7      | Reached skill level 11 in Conjurations
 11383 | D:8      | Found a sand-covered staircase.
 11391 | Ossuary  | Entered an ossuary
 11395 | Ossuary  | Learned a level 2 spell: Call Imp
 11414 | Ossuary  | Acquired Vehumet's second power
 11514 | Ossuary  | Offered knowledge of Iskenderun's Mystic Blast by Vehumet.
 11528 | Ossuary  | Learned a level 4 spell: Iskenderun's Mystic Blast
 11530 | Ossuary  | Noticed Kemay's ghost (experienced OpTm)
 11567 | Ossuary  | Killed Kemay's ghost
 11800 | D:8      | Reached skill level 12 in Conjurations
 11930 | D:8      | Found a shadowy altar of Dithmenos.
 12130 | D:8      | Found Shrushries' Food Emporium.
 12495 | D:8      | Reached XP level 10. HP: 51/69 MP: 11/24
 12942 | D:9      | Acquired Vehumet's third power
 13129 | D:9      | Noticed a purple ugly thing
 13141 | D:9      | Killed a purple ugly thing
 13141 | D:9      | Reached skill level 13 in Conjurations
 13644 | D:9      | Found a snail-covered altar of Cheibriados.
 13692 | D:9      | Offered knowledge of Dazzling Spray by Vehumet.
 14084 | D:9      | Reached skill level 14 in Conjurations
 14141 | D:9      | Found a glowing silver altar of Zin.
 14616 | D:10     | Entered Level 10 of the Dungeon
 14651 | D:10     | Noticed UristMcMason's ghost (experienced TeAE)
 15102 | D:10     | Found a staircase to the Lair.
 15217 | D:10     | Killed UristMcMason's ghost
 15217 | D:10     | Reached XP level 11. HP: 38/74 MP: 14/25
 15546 | D:10     | Reached skill level 15 in Conjurations
 15663 | D:10     | Noticed Gastronok
 15840 | D:10     | Found Zantean's Serpentskin Sales.
 16714 | D:11     | Noticed a hill giant
 16736 | D:11     | Killed a hill giant
 17107 | D:11     | Noticed Josephine
 17138 | D:11     | Killed Josephine
 17270 | D:11     | Noticed an unseen horror
 17287 | D:11     | Killed an unseen horror
 17384 | D:11     | Noticed a hill giant
 17393 | D:11     | Killed a hill giant
 17511 | D:11     | Offered knowledge of Delayed Fireball by Vehumet.
 17967 | D:11     | Found a staircase to the Orcish Mines.
 18037 | D:11     | Noticed Joseph
 18046 | D:11     | Killed Joseph
 18248 | D:11     | Reached skill level 10 in Spellcasting
 19049 | D:12     | Reached XP level 12. HP: 76/81 MP: 23/30
 19268 | D:12     | Reached skill level 16 in Conjurations
 19528 | D:12     | Noticed a hill giant
 19535 | D:12     | Killed a hill giant
 19778 | Lair:1   | Entered Level 1 of the Lair of Beasts
 20046 | Lair:1   | Found a dark tunnel.
 21002 | Lair:2   | Got a distressingly furry shield
 21031 | Lair:2   | Offered knowledge of Bolt of Draining by Vehumet.
 22172 | Lair:2   | Identified the cursed -6 shield of Haty {Slay+3} (You found it on level 2 of the Lair of Beasts)
 22224 | Lair:2   | Noticed Prince Ribbit
 22634 | Lair:2   | Killed Prince Ribbit
 23436 | Lair:2   | Learned a level 2 spell: Ensorcelled Hibernation
 23834 | Lair:3   | Reached skill level 1 in Ice Magic
 24176 | Lair:3   | Upgraded the game from 0.16-a0-3452-g71b9fc6 to 0.16-a0-3465-g53c7d0b
 24225 | Lair:3   | Reached XP level 13. HP: 79/86 MP: 27/34
 24999 | Lair:4   | Reached skill level 5 in Ice Magic
 25029 | Lair:4   | Noticed Erica
 25043 | Lair:4   | Killed Erica
 27494 | Lair:3   | Reached skill level 10 in Ice Magic
 28337 | Lair:4   | Offered knowledge of Orb of Destruction by Vehumet.
 28380 | Lair:4   | Learned a level 7 spell: Orb of Destruction
 28827 | Lair:5   | Found a staircase to the Swamp.
 29890 | Lair:4   | Lost mutation: Your spells are a little easier to cast, but a little less powerful. [potion of cure mutation]
 29890 | Lair:4   | Lost mutation: Your mind is acute. (Int +2) [potion of cure mutation]
 30002 | Lair:2   | Gained mutation: You have a pair of small horns on your head. [potion of beneficial mutation]
 31086 | Lair:5   | Reached XP level 14. HP: 93/93 MP: 30/34
 31538 | Lair:6   | Found a staircase to the Snake Pit.
 31544 | Lair:6   | Noticed Maud
 31568 | Lair:6   | Killed Maud
 31681 | Lair:6   | Found a staircase to the Slime Pits.
 34897 | Lair:7   | Reached skill level 15 in Ice Magic
 35340 | Lair:7   | Offered knowledge of Spellforged Servitor by Vehumet.
 35836 | Lair:6   | Noticed an azure jelly
 35851 | Lair:6   | Killed an azure jelly
 37652 | Lair:8   | Entered Level 8 of the Lair of Beasts
 38673 | Lair:8   | Learned a level 5 spell: Iskenderun's Battlesphere
 38741 | Lair:8   | Reached skill level 17 in Ice Magic
 39484 | Lair:8   | Reached XP level 15. HP: 77/99 MP: 1/35
 39628 | Lair:8   | Killed from afar by a guardian serpent

Action                   |  1- 3 |  4- 6 |  7- 9 | 10-12 | 13-15 || total
-------------------------+-------+-------+-------+-------+-------++-------
Melee: Unarmed           |    44 |       |       |       |       ||    44
       Whip              |     6 |    38 |   201 |    45 |    50 ||   340
       Staff             |       |       |    13 |       |       ||    13
Throw: Stone             |     8 |       |       |       |       ||     8
 Cast: Magic Dart        |    92 |   193 |   337 |   126 |    52 ||   800
       Conjure Flame     |       |     1 |    20 |    46 |    68 ||   135
       Blink             |       |       |    18 |    38 |    78 ||   134
       Mephitic Cloud    |       |       |     9 |    11 |     6 ||    26
       Searing Ray       |       |       |    45 |   249 |   360 ||   654
       Repel Missiles    |       |       |     3 |     3 |       ||     6
       Call Imp          |       |       |     8 |       |       ||     8
       Iskenderun's Myst |       |       |       |    61 |   165 ||   226
       Ensorcelled Hiber |       |       |       |       |     2 ||     2
       Iskenderun's Batt |       |       |       |       |     9 ||     9
 Abil: Breathe Frost     |       |       |     7 |     5 |    14 ||    26
Evoke: Wand              |       |     4 |       |    12 |     3 ||    19
  Use: Potion            |     2 |       |     4 |     1 |    12 ||    19
       Scroll            |       |       |    22 |    12 |    11 ||    45
 Stab: Sleeping          |     1 |       |     1 |       |       ||     2
       Invisible         |       |       |     2 |       |       ||     2
  Eat: Chunk             |     4 |    10 |    22 |    44 |    49 ||   129
       Pizza             |       |       |     1 |       |       ||     1
       Beef jerky        |       |       |       |     2 |       ||     2
       Fruit             |       |       |       |     1 |       ||     1
